2977 views
Uploaded 2019-12-01 21:22:13
Game version 1.32.0.3 / 1.32.0.3.1
28:23 long 3on3 ladder game on (6)Monsoon_LV
Saved by iggythefisk
2977 views
Uploaded 2019-12-01 21:22:13
Game version 1.32.0.3 / 1.32.0.3.1
28:23 long 3on3 ladder game on (6)Monsoon_LV


212 units @ 36.3k
/ 6.1k
52 buildings @ 8.7k
/ 3.7k


| Healing Salve | 1 | 100 |
| Potion of Healing | 2 | 300 |
| Scroll of Town Portal | 3 | 1050 |
| total: | 6 | 1450g |
| Peon | 19 | 1425 | / | 0 |
| Grunt | 11 | 2200 | / | 0 |
| Troll Headhunter | 10 | 1400 | / | 200 |
| Troll Witch Doctor | 4 | 580 | / | 100 |
| Shaman | 13 | 1690 | / | 260 |
| Troll Berserker | 20 | 2800 | / | 400 |
| Kodo Beast | 2 | 510 | / | 120 |
| Tauren | 15 | 4200 | / | 1200 |
| total: | 94 | 14805g | / | 2280w |
| Watch Tower | 1 | 110 | / | 80 |
| Altar of Storms | 1 | 180 | / | 50 |
| Orc Burrow | 8 | 1280 | / | 320 |
| Barracks | 1 | 180 | / | 50 |
| War Mill | 1 | 205 | / | 0 |
| Voodoo Lounge | 1 | 130 | / | 30 |
| Great Hall | 1 | 385 | / | 185 |
| Spirit Lodge | 1 | 150 | / | 150 |
| Beastiary | 1 | 145 | / | 140 |
| Tauren Totem | 1 | 135 | / | 155 |
| Stronghold | 1 | 315 | / | 190 |
| Fortress | 1 | 325 | / | 190 |
| total: | 17 | 2900g | / | 1160w |
| 0:04 | Peon |
| 0:04 | Peon |
| 0:04 | Peon |
| 0:04 | Peon |
| 0:04 | Peon |
| 0:04 | Peon |
| 0:25 | Altar of Storms |
| 0:42 | Orc Burrow |
| 0:54 | Barracks |
| 1:26 | War Mill |
| 1:53 | Orc Burrow |
| 2:04 | Grunt |
| 2:13 | Peon |
| 2:16 | Peon |
| 2:46 | Critical Strike |
| 2:48 | Grunt |
| 2:48 | Grunt |
| 2:54 | Orc Burrow |
| 4:04 | Grunt |
| 4:04 | Troll Headhunter |
| 4:47 | Stronghold |
| 4:59 | Grunt |
| 5:03 | Orc Burrow |
| 5:06 | Troll Headhunter |
| 5:58 | Wind Walk |
| 6:07 | Voodoo Lounge |
| 6:13 | Grunt |
| 6:16 | Troll Headhunter |
| 6:16 | Troll Headhunter |
| 6:55 | Critical Strike |
| 7:03 | Great Hall |
| 7:15 | Healing Salve |
| 7:28 | Spirit Lodge |
| 8:15 | Hex |
| 8:22 | Fortress |
| 8:32 | Grunt |
| 8:33 | Troll Regeneration |
| 8:36 | Troll Headhunter |
| 8:37 | Troll Headhunter |
| 9:21 | Orc Burrow |
| 9:31 | Scroll of Town Portal |
| 9:40 | Shaman Adept Training |
| 9:56 | Peon |
| 9:57 | Peon |
| 9:57 | Peon |
| 9:57 | Peon |
| 11:35 | Troll Witch Doctor |
| 11:35 | Shaman |
| 11:37 | Shaman |
| 11:37 | Shaman |
| 11:44 | Potion of Healing |
| 11:46 | Grunt |
| 11:46 | Grunt |
| 11:46 | Grunt |
| 11:46 | Grunt |
| 12:19 | Potion of Healing |
| 12:37 | Shaman Master Training |
| 12:38 | Shaman |
| 12:39 | Witch Doctor Adept Training |
| 12:39 | Witch Doctor Master Training |
| 12:53 | Beastiary |
| 12:56 | Troll Headhunter |
| 12:56 | Troll Headhunter |
| 12:57 | Troll Headhunter |
| 13:33 | Berserker Upgrade |
| 13:33 | Troll Headhunter |
| 13:35 | Shaman |
| 14:05 | Tauren Totem |
| 14:07 | War Drums Damage Increase |
| 14:48 | Steel Ranged Weapons |
| 15:20 | Troll Berserker |
| 15:25 | Peon |
| 15:29 | Orc Burrow |
| 15:44 | Scroll of Town Portal |
| 15:47 | Pulverize |
| 15:52 | Kodo Beast |
| 15:52 | Kodo Beast |
| 16:16 | Thorium Ranged Weapons |
| 16:30 | Troll Berserker |
| 16:30 | Troll Berserker |
| 16:30 | Troll Berserker |
| 16:30 | Troll Berserker |
| 16:37 | Tauren |
| 16:37 | Tauren |
| 16:37 | Tauren |
| 18:13 | Troll Berserker |
| 18:13 | Troll Berserker |
| 18:13 | Troll Berserker |
| 18:27 | Troll Witch Doctor |
| 18:27 | Shaman |
| 18:52 | Wind Walk |
| 18:58 | Peon |
| 18:58 | Peon |
| 18:58 | Peon |
| 18:58 | Peon |
| 18:58 | Peon |
| 19:01 | Peon |
| 19:08 | Scroll of Town Portal |
| 19:19 | Orc Burrow |
| 19:38 | Tauren |
| 19:38 | Tauren |
| 19:48 | Troll Berserker |
| 19:48 | Troll Berserker |
| 20:05 | Orc Burrow |
| 20:57 | Watch Tower |
| 21:42 | Troll Witch Doctor |
| 21:53 | Troll Berserker |
| 21:53 | Troll Berserker |
| 22:08 | Shaman |
| 22:09 | Troll Berserker |
| 22:09 | Troll Berserker |
| 23:02 | Shaman |
| 23:02 | Shaman |
| 23:06 | Troll Berserker |
| 23:06 | Troll Berserker |
| 23:06 | Troll Berserker |
| 23:08 | Tauren |
| 23:08 | Tauren |
| 23:09 | Tauren |
| 24:08 | Tauren |
| 24:08 | Tauren |
| 25:01 | Shaman |
| 25:03 | Tauren |
| 25:04 | Troll Berserker |
| 26:46 | Troll Witch Doctor |
| 26:46 | Shaman |
| 26:47 | Shaman |
| 26:47 | Shaman |
| 26:48 | Tauren |
| 26:48 | Tauren |
| 27:48 | Tauren |
| 27:48 | Tauren |
| 27:55 | Troll Berserker |
| 27:55 | Troll Berserker |
| Right click | 966 |
| Select | 415 |
| Build/train/purchase | 140 |
| Select group | 136 |
| Assign group | 100 |
| Use ability | 18 |
| Remove unit | 5 |
| Minimap ping | 1 |

| Scroll of Town Portal | 3 | 1050 |
| total: | 3 | 1050g |
| Wisp | 22 | 1320 | / | 0 |
| Archer | 8 | 1040 | / | 80 |
| Huntress | 3 | 585 | / | 60 |
| Mountain Giant | 12 | 4200 | / | 1200 |
| Chimaera | 11 | 3630 | / | 770 |
| total: | 56 | 10775g | / | 2110w |
| Altar of Elders | 1 | 180 | / | 50 |
| Moon Well | 10 | 1800 | / | 400 |
| Ancient of War | 1 | 150 | / | 60 |
| Hunter's Hall | 1 | 210 | / | 100 |
| Ancient of Wonders | 1 | 90 | / | 30 |
| Tree of Life | 1 | 340 | / | 185 |
| Ancient of Lore | 2 | 310 | / | 290 |
| Chimaera Roost | 1 | 140 | / | 190 |
| Tree of Ages | 1 | 320 | / | 180 |
| Tree of Eternity | 1 | 330 | / | 200 |
| total: | 18 | 3220g | / | 1305w |
| 0:07 | Altar of Elders |
| 0:08 | Wisp |
| 0:08 | Wisp |
| 0:09 | Wisp |
| 0:09 | Wisp |
| 0:26 | Moon Well |
| 0:47 | Ancient of War |
| 0:55 | Wisp |
| 0:55 | Wisp |
| 1:04 | Wisp |
| 1:04 | Wisp |
| 1:10 | Wisp |
| 1:30 | Moon Well |
| 1:37 | Wisp |
| 1:37 | Wisp |
| 1:38 | Wisp |
| 1:52 | Archer |
| 1:52 | Archer |
| 2:16 | Fan of Knives |
| 2:22 | Archer |
| 2:23 | Archer |
| 2:23 | Archer |
| 2:39 | Moon Well |
| 2:49 | Archer |
| 4:46 | Archer |
| 4:46 | Archer |
| 4:53 | Tree of Ages |
| 5:06 | Hunter's Hall |
| 5:11 | Ancient of Wonders |
| 6:04 | Shadow Strike |
| 6:20 | Moon Well |
| 6:28 | Huntress |
| 6:29 | Huntress |
| 6:29 | Huntress |
| 6:34 | Ultravision |
| 6:59 | Strength of the Moon |
| 7:00 | Strength of the Wild |
| 7:00 | Reinforced Hides |
| 7:16 | Moon Well |
| 7:18 | Wisp |
| 7:18 | Wisp |
| 7:18 | Wisp |
| 7:19 | Wisp |
| 7:19 | Wisp |
| 8:30 | Moon Well |
| 8:35 | Tree of Eternity |
| 9:20 | Fan of Knives |
| 9:35 | Ancient of Lore |
| 9:39 | Moon Well |
| 9:44 | Moon Well |
| 10:32 | Blink |
| 10:38 | Moon Well |
| 11:41 | Scroll of Town Portal |
| 12:47 | Mountain Giant |
| 12:47 | Mountain Giant |
| 12:47 | Mountain Giant |
| 12:48 | Mountain Giant |
| 12:48 | Mountain Giant |
| 12:48 | Mountain Giant |
| 12:50 | Resistant Skin |
| 12:51 | Hardened Skin |
| 13:02 | Moon Well |
| 13:10 | Improved Strength of the Wild |
| 13:10 | Improved Reinforced Hides |
| 13:13 | Advanced Reinforced Hides |
| 13:59 | Scroll of Town Portal |
| 14:20 | Chimaera Roost |
| 15:30 | Advanced Strength of the Wild |
| 16:19 | Tree of Life |
| 17:36 | Mountain Giant |
| 17:36 | Mountain Giant |
| 17:36 | Mountain Giant |
| 18:13 | Mountain Giant |
| 18:50 | Mountain Giant |
| 19:21 | Mountain Giant |
| 19:28 | Wisp |
| 19:34 | Wisp |
| 19:39 | Wisp |
| 19:46 | Wisp |
| 19:51 | Wisp |
| 20:17 | Chimaera |
| 20:17 | Chimaera |
| 20:35 | Chimaera |
| 20:59 | Chimaera |
| 20:59 | Chimaera |
| 21:10 | Chimaera |
| 21:47 | Chimaera |
| 21:47 | Chimaera |
| 21:51 | Chimaera |
| 23:03 | Fan of Knives |
| 23:52 | Chimaera |
| 23:52 | Chimaera |
| 24:19 | Ancient of Lore |
| 24:36 | Corrosive Breath |
| 25:03 | Well Spring |
| 25:43 | Scroll of Town Portal |
| Right click | 699 |
| Select | 232 |
| Build/train/purchase | 105 |
| Use ability | 24 |
| Item give/drop | 1 |

| Acolyte | 7 | 525 | / | 0 |
| Ghoul | 13 | 1560 | / | 0 |
| Crypt Fiend | 15 | 3225 | / | 600 |
| Necromancer | 13 | 1885 | / | 260 |
| Obsidian Statue | 2 | 400 | / | 70 |
| Abomination | 4 | 960 | / | 280 |
| Frost Wyrm | 2 | 770 | / | 240 |
| Meat Wagon | 6 | 1380 | / | 300 |
| total: | 62 | 10705g | / | 1750w |
| Spirit Tower | 6 | 870 | / | 240 |
| Altar of Darkness | 1 | 180 | / | 50 |
| Ziggurat | 9 | 1350 | / | 450 |
| Crypt | 1 | 200 | / | 50 |
| Graveyard | 1 | 215 | / | 0 |
| Tomb of Relics | 1 | 130 | / | 30 |
| Temple of the Damned | 1 | 155 | / | 140 |
| Slaughterhouse | 1 | 140 | / | 135 |
| Sacrificial Pit | 1 | 75 | / | 150 |
| Boneyard | 1 | 175 | / | 200 |
| Halls of the Dead | 1 | 320 | / | 210 |
| Black Citadel | 1 | 325 | / | 230 |
| total: | 17 | 2620g | / | 1205w |
| 0:07 | Altar of Darkness |
| 0:10 | Ziggurat |
| 0:16 | Crypt |
| 0:33 | Acolyte |
| 1:01 | Acolyte |
| 1:20 | Ziggurat |
| 1:25 | Ghoul |
| 1:26 | Ghoul |
| 1:38 | Ghoul |
| 1:38 | Ghoul |
| 1:55 | Ghoul |
| 1:55 | Ghoul |
| 2:06 | Ziggurat |
| 2:20 | Ghoul |
| 2:43 | Ghoul |
| 2:44 | Ghoul |
| 2:57 | Death Coil |
| 3:47 | Graveyard |
| 3:56 | Ziggurat |
| 4:05 | Tomb of Relics |
| 4:17 | Ghoul |
| 4:17 | Ghoul |
| 4:17 | Ghoul |
| 4:18 | Ghoul |
| 5:02 | Unholy Aura |
| 5:14 | Crypt Fiend |
| 5:14 | Crypt Fiend |
| 5:14 | Crypt Fiend |
| 5:15 | Crypt Fiend |
| 5:44 | Acolyte |
| 6:17 | Ziggurat |
| 7:15 | Acolyte |
| 7:16 | Acolyte |
| 7:29 | Crypt Fiend |
| 7:30 | Crypt Fiend |
| 7:30 | Crypt Fiend |
| 7:52 | Halls of the Dead |
| 8:49 | Death Coil |
| 9:23 | Spirit Tower |
| 9:25 | Spirit Tower |
| 9:29 | Crypt Fiend |
| 9:29 | Crypt Fiend |
| 9:29 | Crypt Fiend |
| 9:29 | Crypt Fiend |
| 10:01 | Unholy Strength |
| 10:01 | Creature Attack |
| 10:14 | Acolyte |
| 10:16 | Acolyte |
| 10:20 | Temple of the Damned |
| 10:25 | Slaughterhouse |
| 10:45 | Sacrificial Pit |
| 11:24 | Crypt Fiend |
| 11:29 | Necromancer |
| 11:29 | Necromancer |
| 11:29 | Necromancer |
| 11:29 | Necromancer |
| 11:30 | Skeletal Mastery |
| 11:31 | Necromancer Adept Training |
| 11:46 | Obsidian Statue |
| 11:51 | Obsidian Statue |
| 12:09 | Ziggurat |
| 12:27 | Ziggurat |
| 13:12 | Improved Unholy Strength |
| 13:13 | Unholy Armor |
| 13:15 | Improved Creature Attack |
| 13:27 | Black Citadel |
| 13:40 | Spirit Tower |
| 13:43 | Spirit Tower |
| 13:58 | Ziggurat |
| 14:17 | Necromancer |
| 14:17 | Necromancer |
| 14:17 | Necromancer |
| 15:11 | Crypt Fiend |
| 15:19 | Spirit Tower |
| 15:54 | Abomination |
| 15:54 | Abomination |
| 15:54 | Abomination |
| 15:54 | Abomination |
| 16:16 | Spirit Tower |
| 16:52 | Necromancer Master Training |
| 18:52 | Crypt Fiend |
| 18:52 | Crypt Fiend |
| 18:55 | Necromancer |
| 18:55 | Necromancer |
| 18:55 | Necromancer |
| 19:01 | Boneyard |
| 19:30 | Creature Carapace |
| 19:30 | Improved Unholy Armor |
| 19:31 | Advanced Unholy Strength |
| 19:32 | Advanced Creature Attack |
| 19:52 | Death Pact |
| 20:46 | Ziggurat |
| 21:21 | Freezing Breath |
| 22:20 | Frost Wyrm |
| 22:21 | Frost Wyrm |
| 24:47 | Necromancer |
| 24:47 | Necromancer |
| 24:48 | Necromancer |
| 24:52 | Meat Wagon |
| 24:53 | Meat Wagon |
| 24:56 | Meat Wagon |
| 24:57 | Meat Wagon |
| 24:57 | Meat Wagon |
| 24:57 | Meat Wagon |
| Right click | 555 |
| Select | 290 |
| Select group | 143 |
| Build/train/purchase | 132 |
| Assign group | 28 |
| Use ability | 18 |
| Resource trade | 7 |
| Chat | 4 |
| Remove unit | 3 |
| Esc | 2 |
| Minimap ping | 1 |
94 units @ 9.8k
/ 1.4k
115 buildings @ 12.7k
/ 6.6k


| Healing Salve | 2 | 200 |
| Lesser Clarity Potion | 7 | 490 |
| Orb of Lightning | 2 | 750 |
| Staff of Teleportation | 2 | 300 |
| Boots of Speed | 2 | 500 |
| Staff of Sanctuary | 2 | 500 |
| total: | 17 | 2740g |
| Peon | 19 | 1425 | / | 0 |
| total: | 19 | 1425g | / | 0w |
| Watch Tower | 30 | 3300 | / | 2400 |
| Altar of Storms | 1 | 180 | / | 50 |
| Orc Burrow | 4 | 640 | / | 160 |
| War Mill | 1 | 205 | / | 0 |
| Voodoo Lounge | 4 | 520 | / | 120 |
| Great Hall | 3 | 1155 | / | 555 |
| Beastiary | 2 | 290 | / | 280 |
| Stronghold | 2 | 630 | / | 380 |
| Fortress | 2 | 650 | / | 380 |
| total: | 45 | 6290g | / | 3565w |
| 0:01 | Peon |
| 0:01 | Peon |
| 0:18 | Altar of Storms |
| 0:24 | Orc Burrow |
| 0:25 | Peon |
| 0:40 | Orc Burrow |
| 0:41 | Peon |
| 1:06 | War Mill |
| 1:12 | Peon |
| 1:12 | Peon |
| 1:12 | Peon |
| 1:32 | Peon |
| 1:32 | Peon |
| 1:45 | Voodoo Lounge |
| 1:49 | Peon |
| 2:05 | Peon |
| 2:29 | Watch Tower |
| 2:42 | Peon |
| 2:46 | Orc Burrow |
| 2:56 | Watch Tower |
| 2:59 | Wind Walk |
| 3:54 | Watch Tower |
| 3:56 | Watch Tower |
| 4:03 | Peon |
| 4:03 | Peon |
| 4:26 | Peon |
| 4:33 | Healing Salve |
| 4:33 | Lesser Clarity Potion |
| 4:52 | Watch Tower |
| 4:56 | Watch Tower |
| 5:01 | Stronghold |
| 6:20 | Watch Tower |
| 6:21 | Watch Tower |
| 6:37 | Watch Tower |
| 6:38 | Watch Tower |
| 6:42 | Spiked Barricades |
| 6:42 | Improved Spiked Barricades |
| 6:46 | Orc Burrow |
| 7:08 | Lesser Clarity Potion |
| 7:19 | Great Hall |
| 7:33 | Staff of Teleportation |
| 7:42 | Boots of Speed |
| 8:02 | Critical Strike |
| 8:21 | Lesser Clarity Potion |
| 8:23 | Healing Salve |
| 8:45 | Reinforced Defenses |
| 8:53 | Watch Tower |
| 8:54 | Watch Tower |
| 9:09 | Shockwave |
| 9:15 | Boots of Speed |
| 9:16 | Staff of Teleportation |
| 10:07 | Watch Tower |
| 10:08 | Watch Tower |
| 10:41 | Endurance Aura |
| 10:47 | Wind Walk |
| 11:52 | Watch Tower |
| 11:53 | Watch Tower |
| 11:55 | Fortress |
| 12:00 | Peon |
| 12:01 | Peon |
| 12:01 | Peon |
| 12:02 | Peon |
| 13:30 | Watch Tower |
| 13:31 | Watch Tower |
| 13:41 | Voodoo Lounge |
| 13:42 | Voodoo Lounge |
| 13:42 | Voodoo Lounge |
| 13:51 | Beastiary |
| 13:52 | Beastiary |
| 14:38 | Shockwave |
| 14:50 | Watch Tower |
| 14:51 | Watch Tower |
| 15:21 | Staff of Sanctuary |
| 15:22 | Orb of Lightning |
| 15:51 | Orb of Lightning |
| 16:00 | Watch Tower |
| 16:01 | Watch Tower |
| 17:22 | Critical Strike |
| 17:57 | Endurance Aura |
| 18:52 | Staff of Sanctuary |
| 18:55 | Lesser Clarity Potion |
| 19:06 | Lesser Clarity Potion |
| 19:46 | Lesser Clarity Potion |
| 20:58 | Great Hall |
| 21:00 | Watch Tower |
| 21:00 | Watch Tower |
| 21:01 | Watch Tower |
| 21:03 | Watch Tower |
| 21:45 | Great Hall |
| 21:56 | Critical Strike |
| 22:07 | Lesser Clarity Potion |
| 22:23 | Critical Strike |
| 22:35 | Watch Tower |
| 22:36 | Watch Tower |
| 22:36 | Watch Tower |
| 22:37 | Watch Tower |
| Right click | 1543 |
| Select | 489 |
| Select group | 322 |
| Chat | 175 |
| Build/train/purchase | 174 |
| Assign group | 61 |
| Use ability | 45 |
| Misc. action | 17 |
| Item give/drop | 15 |
| Minimap ping | 3 |
| Esc | 2 |

| Moonstone | 1 | 50 |
| Orb of Venom | 1 | 325 |
| Scroll of Town Portal | 4 | 1400 |
| Boots of Speed | 1 | 250 |
| total: | 7 | 2025g |
| Wisp | 25 | 1500 | / | 0 |
| Archer | 2 | 260 | / | 20 |
| Huntress | 9 | 1755 | / | 180 |
| Dryad | 12 | 1740 | / | 720 |
| Druid of the Claw | 6 | 1530 | / | 480 |
| total: | 54 | 6785g | / | 1400w |
| Ancient Protector | 7 | 945 | / | 560 |
| Altar of Elders | 1 | 180 | / | 50 |
| Moon Well | 8 | 1440 | / | 320 |
| Ancient of War | 1 | 150 | / | 60 |
| Ancient of Wonders | 1 | 90 | / | 30 |
| Hunter's Hall | 1 | 210 | / | 100 |
| Tree of Life | 1 | 340 | / | 185 |
| Ancient of Lore | 2 | 310 | / | 290 |
| Tree of Ages | 1 | 320 | / | 180 |
| Tree of Eternity | 1 | 330 | / | 200 |
| total: | 22 | 3665g | / | 1595w |
| 0:02 | Wisp |
| 0:07 | Altar of Elders |
| 0:19 | Wisp |
| 0:22 | Moon Well |
| 0:31 | Wisp |
| 0:39 | Ancient of War |
| 0:47 | Wisp |
| 0:58 | Wisp |
| 0:59 | Wisp |
| 1:29 | Wisp |
| 1:33 | Moon Well |
| 1:42 | Archer |
| 1:44 | Wisp |
| 1:49 | Archer |
| 2:09 | Evasion |
| 2:22 | Ancient of Wonders |
| 2:37 | Hunter's Hall |
| 3:26 | Mana Burn |
| 3:43 | Moon Well |
| 4:45 | Tree of Ages |
| 4:59 | Tree of Life |
| 5:11 | Moonstone |
| 5:31 | Huntress |
| 5:35 | Strength of the Wild |
| 6:11 | Mana Burn |
| 6:24 | Huntress |
| 7:10 | Wisp |
| 7:10 | Wisp |
| 7:15 | Improved Strength of the Wild |
| 7:17 | Wisp |
| 7:17 | Wisp |
| 7:17 | Wisp |
| 7:17 | Wisp |
| 7:18 | Wisp |
| 7:31 | Ancient of Lore |
| 7:46 | Wisp |
| 7:47 | Wisp |
| 7:50 | Backpack |
| 7:56 | Ancient of Lore |
| 8:04 | Huntress |
| 8:22 | Moon Well |
| 9:01 | Evasion |
| 9:10 | Boots of Speed |
| 9:18 | Moon Well |
| 9:19 | Abolish Magic |
| 9:20 | Dryad |
| 9:21 | Dryad |
| 9:28 | Wisp |
| 9:31 | Wisp |
| 9:48 | Moon Glaive |
| 10:17 | Moon Well |
| 10:49 | Tree of Eternity |
| 10:51 | Dryad |
| 10:53 | Dryad |
| 12:00 | Mana Burn |
| 12:48 | Dryad |
| 12:49 | Dryad |
| 12:50 | Reinforced Hides |
| 12:56 | Huntress |
| 13:04 | Dryad |
| 14:08 | Marksmanship |
| 14:11 | Well Spring |
| 14:16 | Moon Well |
| 14:19 | Moon Well |
| 14:37 | Druid of the Claw Adept Training |
| 14:44 | Advanced Strength of the Wild |
| 14:50 | Scroll of Town Portal |
| 14:53 | Orb of Venom |
| 15:08 | Druid of the Claw Master Training |
| 15:11 | Druid of the Claw |
| 15:57 | Druid of the Claw |
| 15:57 | Mark of the Claw |
| 15:59 | Improved Reinforced Hides |
| 16:28 | Druid of the Claw |
| 18:07 | Dryad |
| 18:07 | Dryad |
| 18:11 | Metamorphosis |
| 18:15 | Huntress |
| 18:15 | Huntress |
| 18:21 | Nature's Blessing |
| 18:31 | Wisp |
| 18:31 | Wisp |
| 18:36 | Ancient Protector |
| 18:50 | Dryad |
| 18:54 | Ancient Protector |
| 19:01 | Huntress |
| 19:04 | Ancient Protector |
| 19:29 | Advanced Reinforced Hides |
| 19:31 | Wisp |
| 19:35 | Wisp |
| 19:59 | Ancient Protector |
| 20:07 | Ancient Protector |
| 20:11 | Dryad |
| 20:11 | Dryad |
| 20:13 | Wisp |
| 20:31 | Ancient Protector |
| 21:05 | Wisp |
| 21:09 | Ancient Protector |
| 21:22 | Scroll of Town Portal |
| 23:20 | Evasion |
| 23:37 | Druid of the Claw |
| 23:37 | Druid of the Claw |
| 23:49 | Scroll of Town Portal |
| 24:11 | Druid of the Claw |
| 24:13 | Ultravision |
| 24:18 | Huntress |
| 24:20 | Huntress |
| 26:20 | Immolation |
| 27:50 | Scroll of Town Portal |
| Right click | 1569 |
| Select | 494 |
| Select group | 296 |
| Misc. action | 120 |
| Build/train/purchase | 106 |
| Chat | 77 |
| Use ability | 45 |
| Assign group | 37 |
| Resource trade | 7 |
| Item give/drop | 4 |
| Minimap ping | 3 |
| Remove unit | 1 |
iggythefisk
(28:22) : 


x1)
| Mechanical Critter | 2 | 100 |
| Staff of Sanctuary | 3 | 750 |
| Orb of Fire | 1 | 325 |
| Lesser Clarity Potion | 1 | 70 |
| Scroll of Regeneration | 1 | 100 |
| Boots of Speed | 3 | 750 |
| Staff of Teleportation | 3 | 450 |
| Periapt of Vitality | 2 | 650 |
| Tome of Retraining | 1 | 300 |
| Circlet of Nobility | 2 | 350 |
| Healing Salve | 2 | 200 |
| Orb of Lightning | 2 | 750 |
| total: | 23 | 4795g |
| Peasant | 20 | 1500 | / | 0 |
| Priest | 1 | 135 | / | 10 |
| total: | 21 | 1635g | / | 10w |
| Scout Tower | 37 | 1110 | / | 740 |
| Arcane Tower | 7 | 490 | / | 350 |
| Guard Tower | 17 | 1190 | / | 850 |
| Altar of Kings | 1 | 180 | / | 50 |
| Lumber Mill | 1 | 120 | / | 0 |
| Farm | 3 | 240 | / | 60 |
| Arcane Vault | 3 | 390 | / | 90 |
| Town Hall | 1 | 385 | / | 205 |
| Arcane Sanctum | 2 | 300 | / | 280 |
| Keep | 1 | 320 | / | 210 |
| Castle | 1 | 360 | / | 210 |
| total: | 48 | 2725g | / | 1425w |
| 0:02 | Peasant |
| 0:04 | Altar of Kings |
| 0:12 | Peasant |
| 0:22 | Peasant |
| 0:27 | Lumber Mill |
| 0:34 | Farm |
| 0:39 | Peasant |
| 0:46 | Peasant |
| 1:02 | Farm |
| 1:10 | Peasant |
| 1:19 | Scout Tower |
| 1:23 | Peasant |
| 1:32 | Improved Masonry |
| 1:34 | Peasant |
| 1:47 | Scout Tower |
| 1:54 | Arcane Tower |
| 2:00 | Peasant |
| 2:03 | Scout Tower |
| 2:09 | Scout Tower |
| 2:18 | Peasant |
| 2:18 | Peasant |
| 2:33 | Arcane Tower |
| 2:34 | Guard Tower |
| 2:36 | Scout Tower |
| 2:42 | Summon Water Elemental |
| 2:48 | Peasant |
| 3:00 | Scout Tower |
| 3:01 | Guard Tower |
| 3:02 | Peasant |
| 3:02 | Peasant |
| 3:13 | Peasant |
| 3:54 | Keep |
| 4:45 | Arcane Vault |
| 4:52 | Guard Tower |
| 4:53 | Scout Tower |
| 6:17 | Brilliance Aura |
| 6:33 | Scout Tower |
| 6:34 | Scout Tower |
| 6:37 | Scout Tower |
| 6:40 | Advanced Masonry |
| 6:40 | Improved Lumber Harvesting |
| 6:43 | Arcane Sanctum |
| 6:44 | Arcane Sanctum |
| 6:46 | Castle |
| 6:55 | Guard Tower |
| 7:09 | Guard Tower |
| 7:29 | Guard Tower |
| 7:31 | Scout Tower |
| 7:31 | Scout Tower |
| 7:45 | Farm |
| 8:16 | Arcane Vault |
| 8:18 | Scout Tower |
| 8:31 | Summon Water Elemental |
| 8:35 | Town Hall |
| 8:38 | Scout Tower |
| 8:39 | Scout Tower |
| 8:45 | Mechanical Critter |
| 8:46 | Mechanical Critter |
| 8:52 | Guard Tower |
| 8:54 | Scout Tower |
| 8:55 | Scout Tower |
| 9:44 | Storm Bolt |
| 9:48 | Imbued Masonry |
| 9:48 | Advanced Lumber Harvesting |
| 9:48 | Magic Sentry |
| 9:53 | Arcane Tower |
| 9:54 | Scout Tower |
| 9:55 | Scout Tower |
| 10:23 | Guard Tower |
| 11:08 | Guard Tower |
| 11:09 | Scout Tower |
| 11:10 | Scout Tower |
| 11:45 | Guard Tower |
| 11:49 | Peasant |
| 11:49 | Peasant |
| 11:49 | Peasant |
| 11:50 | Arcane Tower |
| 11:50 | Guard Tower |
| 11:58 | Scout Tower |
| 11:59 | Scout Tower |
| 12:01 | Healing Salve |
| 12:06 | Boots of Speed |
| 12:07 | Staff of Teleportation |
| 12:11 | Periapt of Vitality |
| 12:18 | Holy Light |
| 12:24 | Boots of Speed |
| 12:29 | Scout Tower |
| 12:39 | Bash |
| 13:05 | Guard Tower |
| 13:06 | Scout Tower |
| 13:07 | Scout Tower |
| 13:07 | Scout Tower |
| 13:08 | Scout Tower |
| 13:08 | Scout Tower |
| 13:09 | Scout Tower |
| 13:11 | Peasant |
| 13:11 | Peasant |
| 13:33 | Arcane Vault |
| 13:41 | Arcane Tower |
| 13:44 | Scout Tower |
| 13:45 | Scout Tower |
| 13:53 | Staff of Teleportation |
| 14:04 | Boots of Speed |
| 14:16 | Guard Tower |
| 14:19 | Scout Tower |
| 14:20 | Scout Tower |
| 14:21 | Priest Adept Training |
| 14:22 | Priest |
| 14:31 | Brilliance Aura |
| 14:44 | Guard Tower |
| 14:47 | Arcane Tower |
| 15:06 | Guard Tower |
| 15:16 | Tome of Retraining |
| 15:16 | Retrain Hero |
| 15:17 | Blizzard |
| 15:18 | Blizzard |
| 15:19 | Brilliance Aura |
| 15:22 | Staff of Sanctuary |
| 15:42 | Orb of Fire |
| 15:42 | Staff of Sanctuary |
| 15:58 | Guard Tower |
| 16:00 | Scout Tower |
| 16:00 | Scout Tower |
| 16:04 | Scout Tower |
| 16:11 | Orb of Lightning |
| 16:20 | Orb of Lightning |
| 16:59 | Divine Shield |
| 17:09 | Storm Bolt |
| 18:59 | Healing Salve |
| 19:03 | Lesser Clarity Potion |
| 19:07 | Guard Tower |
| 19:44 | Staff of Sanctuary |
| 20:14 | Staff of Teleportation |
| 23:38 | Holy Light |
| 23:59 | Bash |
| 24:13 | Scroll of Regeneration |
| 24:51 | Periapt of Vitality |
| 24:58 | Circlet of Nobility |
| 28:08 | Circlet of Nobility |
| Right click | 1753 |
| Select group | 892 |
| Select | 379 |
| Assign group | 326 |
| Build/train/purchase | 292 |
| Chat | 195 |
| Use ability | 90 |
| Misc. action | 24 |
| Resource trade | 12 |
| Item give/drop | 6 |
| Remove unit | 1 |